 Dungeon Crawl Stone Soup version 0.29.1-1-gd02db6906a (webtiles) character file.

Game seed: 2745036708435504781

2 EvilAshe the Vexing (level 1, 0/7 HPs)
             Began as a Felid Enchanter on Sept 16, 2022.
             Slain by a goblin
             ... wielding a +0 dagger
              (1 damage)
             ... on level 1 of the Dungeon.
             The game lasted 00:01:50 (309 turns).

EvilAshe the Vexing (Felid Enchanter)                Turns: 309, Time: 00:01:50

Health: 0/7        AC:  1    Str:  4    XL:     1   Next: 33%
Magic:  4/4        EV: 17    Int: 16    God:
Gold:   0          SH:  0    Dex: 16    Spells: 4/4 levels left
                                        Lives:  0   Deaths: 0

rFire   . . .      SeeInvis +     - Unarmed
rCold   . . .      Faith    .   (shield unavailable)
rNeg    . . .      Spirit   .   (body armour unavailable)
rPois   .          Reflect  .   (helmet unavailable)
rElec   .          Harm     .   (cloak unavailable)
rCorr   .          Rampage  .   (gloves unavailable)
Will    .....                   (boots unavailable)
Stlth   +++.......              (no amulet)
HPRegen 0.02/turn               (no ring)
MPRegen 0.09/turn               (no ring)

@: invisible, quick
A: very small, claws 1, fangs 3, see invisible, speed 1, shaggy fur 1, stealthy
paws, no weapons or thrown items, no armour, multi-lived
a: no special abilities


You were on level 1 of the Dungeon.
You visited 1 branch of the dungeon, and saw 2 of its levels.

Inventory:

Potions
 a - a potion of invisibility


   Skills:
 + Level 2.7 Dodging
 + Level 4.0 Stealth
 * Level 1.1 Unarmed Combat
 - Level 2.0 Spellcasting
 + Level 4.4 Hexes


You had 4 spell levels left.
You didn't know any spells.
Your spell library contained the following spells:

 Spells                   Type           Power      Damage    Failure   Level
 Confusing Touch          Hex            15%        N/A       10%         3
 Tukima's Dance           Hex            15%        N/A       10%         3
 Ensorcelled Hibernation  Hex/Ice        16%        N/A       13%         2
 Dazzling Flash           Conj/Hex       16%        N/A       26%         3


Dungeon Overview and Level Annotations

Branches:
Dungeon (2/15)

Altars:

Shops:
D:1 :


Innate Abilities, Weirdness & Mutations

You have sharp claws.
You have razor-sharp teeth.
You have supernaturally acute eyesight. (SInv)
You cover ground quickly. (Speed+)
You are covered in fur. (AC +1)
Your paws help you pounce on unaware monsters.
You are incapable of wielding weapons or throwing items.
You cannot wear armour.
You gain extra lives every three experience levels.


Message History

You start resting.
HP restored.
You climb upwards.
There is a stone staircase leading down here.
A quokka comes into view.
You scratch the quokka. Your bite misses the quokka.
The quokka is severely wounded.
The quokka barely misses you.
The quokka twitches its whiskers.
The quokka bites you.
You are too injured to fight recklessly!
You are too injured to fight recklessly!
You scratch the quokka but do no damage.
The quokka is severely wounded.
The quokka barely misses you.
You scratch the quokka.
You kill the quokka!
You start resting.
An endoplasm is nearby!
You see here a quokka corpse.
You start resting.
An endoplasm is nearby!
The goblin shouts!
You don't know any spells.
Okay, then.
You closely miss the goblin. The goblin barely misses you.
You barely miss the goblin. The goblin hits you with a +0 dagger.
Ouch! That really hurt!
* * * LOW HITPOINT WARNING * * *
The endoplasm quivers.
You see here a quokka corpse.
The endoplasm misses you.
You see here a quokka corpse.
You fade into invisibility!
You barely miss the goblin. The endoplasm freezes you.
You are frozen.
* * * LOW HITPOINT WARNING * * *
The goblin hits you with a +0 dagger.
You die...

####### #######
#...g.######......
#.###........#####
#.# ########## # #.#
## ##g### ##. #.@J.#
##.. ##.#.# ######...
###.######........
#.##...^.##)P...
#.##............
#.##.......P....
#.##......P♣P...
#.##......PPP.^∩
######>#####...♣♣♣.P.


You could see an endoplasm and a goblin (unable to see you).

Vanquished Creatures
  A quokka (D:1)
  A ball python (D:1)
  A bat (D:1)
3 creatures vanquished.

Notes
Turn   | Place    | Note
-------+----------+-------------------------------------------
     0 | D:1      | EvilAshe the Felid Enchanter began the quest for the Orb.
     0 | D:1      | Reached XP level 1. HP: 7/7 MP: 4/4
    43 | D:1      | Found Doecadu's Book Shop.
   309 | D:1      | Slain by a goblin

Illustrated notes

Levels and vault maps discovered:
D:1:      spicycebolla_arrival_clurvy, layout_loops_cross,
          dreamdust_ecumenical_altar_grove, serial_shops, shop
D:2:      layout_loops_ring, nicolae_concentric_dashed_squares_mild,
          kennysheep_generic_room_3, uniq_natasha, uniq_robin, uniq_terence

Action                   || total
-------------------------++-------
Melee: Unarmed           ||     9
  Use: Potion            ||     1
 Stab: Sleeping          ||     2
Dodge: Dodged            ||     4
